 Dungeon Crawl Stone Soup version 0.26-a0-771-g060e6a62af (webtiles) character file.

Game seed: 2146061576327160164

22 mhtbhm the Skirmisher (level 2, 27/27 HPs)
             Began as a Minotaur Fighter on Nov 8, 2020.
             Was a Follower of Sif Muna.
             Quit the game on level 3 of the Dungeon.
             The game lasted 00:00:56 (853 turns).

mhtbhm the Skirmisher (Minotaur Fighter)             Turns: 853, Time: 00:00:57

Health: 27/27      AC:  7    Str: 20    XL:     2   Next: 68%
Magic:  1/1        EV:  7    Int:  5    God:    Sif Muna [*.....]
Gold:   82         SH:  9    Dex:  9    Spells: 1/1 levels left

rFire    . . .     SeeInvis .   a - +0 long sword
rCold    . . .     Faith    .   c - +0 kite shield
rNeg     . . .     Spirit   .   b - +0 scale mail
rPois    .         Reflect  .   (helmet restricted)
rElec    .         Harm     .   (no cloak)
rCorr    .         Rampage  .   (no gloves)
MR       .....                  (no boots)
Stlth    ..........             (no amulet)
HPRegen  0.09/turn              (no ring)
MPRegen  0.07/turn              (no ring)

@: no status effects
A: retaliatory headbutt, horns 2
a: Channel Magic, Renounce Religion


You were on level 3 of the Dungeon.
You worshipped Sif Muna.
Sif Muna was aware of your devotion.
You visited 1 branch of the dungeon, and saw 3 of its levels.

You collected 82 gold pieces.

Inventory:

Hand Weapons
 a - a +0 long sword (weapon)
Armour
 b - a +0 scale mail (worn)
 c - a +0 kite shield (worn)
Scrolls
 e - a scroll of fear {unknown}
 g - a scroll of immolation {unknown}
Potions
 d - a potion of might
 f - 3 potions of curing {unknown}
 h - a potion of attraction {unknown}
 i - a potion of berserk rage {unknown}


   Skills:
 + Level 4.1 Fighting
 + Level 2.5 Long Blades
 + Level 3.8 Armour
 + Level 0.4 Dodging
 + Level 4.1 Shields


You had one spell level left.
You didn't know any spells.
Your spell library was empty.

Dungeon Overview and Level Annotations

Branches:
Dungeon (2/15)

Altars:
Sif Muna


Innate Abilities, Weirdness & Mutations

You reflexively headbutt those who attack you in melee.
You have a pair of horns on your head.


Message History

There is a stone staircase leading up here.
You miss the quokka. You headbutt the quokka.
The quokka is heavily wounded.
You block the quokka's attack.
You closely miss the quokka. Your headbutt misses the quokka.
The quokka is heavily wounded.
The quokka barely misses you. x2; You riposte.
You hit the quokka.
You kill the quokka!
No target in view!
No target in view!
No target in view!
There is a stone staircase leading up here.
There is a faded altar of an unknown god here.
You cannot tell which god this altar belongs to.
Convert to them anyway?
Sif Muna accepts your prayer! Sif Muna welcomes you!
You can now call upon Sif Muna for magical energy.
Unknown command.
Press < or > to pray at altars.
Are you sure you want to abandon this character and quit the game? (Confirm with "yes".)

#......[#...####
##.###.###>....#
#..###.#.##.#.#
##.# #..###.#.#
#.###†##.....#
##.#...#.....####
##.##.<..........##
#.###...#.....##...
##@###.##.....####.
##.##.####........
##.##..# ########.
#.##..## ## ##.#.##
#.#.# #...# #####


There were no monsters in sight!

Vanquished Creatures
  2 dart slugs
  A leopard gecko (D:3)
  3 bats (D:1)
  A giant cockroach (D:1)
  2 kobolds
  A quokka (D:3)
  2 goblins (D:1)
  5 rats (D:1)
17 creatures vanquished.

Notes
Turn   | Place    | Note
-------+----------+-------------------------------------------
     0 | D:1      | mhtbhm the Minotaur Fighter began the quest for the Orb.
     0 | D:1      | Reached XP level 1. HP: 19/19 MP: 0/0
   312 | D:1      | Reached XP level 2. HP: 27/27 MP: 1/1
   724 | D:2      | You fall into a shaft and drop 1 floor!
   814 | D:3      | Found a faded altar of an unknown god.
   852 | D:3      | Became a worshipper of Sif Muna the Loreminder
   852 | D:3      | Reached * piety under Sif Muna
   853 | D:3      | Quit the game

Illustrated notes

Levels and vault maps discovered:
D:1:      lightli_arrival_lavapool, layout_basic
D:2:      layout_basic, uniq_sigmund, uniq_natasha, uniq_jessica
D:3:      layout_loops_ring, lemuel_round_altar,
          chequers_ecumenical_altar_twisty, minmay_misc_feat_cross

Skill      XL: |  1  2 |
---------------+-------+-----
Shields        | 4 |  4.1
Fighting       | 4 |  4.1
Long Blades    | |  2.5
Armour         | |  3.8
Dodging        | |  0.4

Action                   || total
-------------------------++-------
Melee: Long sword        ||    31
       Headbutt          ||     8
Armor: Scale mail        ||    14
Dodge: Dodged            ||    16
Block: Kite shield       ||    18
       Rpst.: Long sword ||     4

Table legend: (Time is in decaauts)
 A = Elapsed time spent in this place.
 B = Non-inter-level travel time spent in this place.
 C = Inter-level travel time spent in this place.
 D = Time resting spent in this place.
 E = Time spent auto-exploring this place.
 F = Levels seen in this place.
 G = Mean time per level.
                   A        B        C        D        E       F      G
               +--------+--------+--------+--------+--------+-----+--------+
         Total |    863 |    863 |      0 |      0 |    678 |   3 |  287.7 |
       Dungeon |    863 |    863 |      0 |      0 |    678 |   3 |  287.7 |
               +--------+--------+--------+--------+--------+-----+--------+

Top non-repeatable levels by time:
     D:1: 695 daAuts
     D:3: 131 daAuts
     D:2: 36 daAuts
